 Dungeon Crawl Stone Soup version 0.31-a0-232-gb1c03b2570 (webtiles) character file.

Game seed: 1285761833496838930

23 qw the Shooter (level 2, -3/24 HPs)
             Began as a Minotaur Hexslinger on July 7, 2023.
             Slain by Natasha (7 damage)
             ... on level 2 of the Dungeon.
             The game lasted 00:00:18 (819 turns).

qw the Shooter (Minotaur Hexslinger)                 Turns: 819, Time: 00:00:19

Health: -3/24      AC:  3    Str: 12    XL:     2   Next: 75%
Magic:  2/2        EV: 11    Int: 10    God:
Gold:   30         SH:  0    Dex: 12    Spells: 2/3 levels left

rFire   . . .        Y - +1 sling
rCold   . . .        (no shield)
rNeg    . . .        e - +0 leather armour
rPois   .            (helmet restricted)
rElec   .            (no cloak)
rCorr   .            (no gloves)
SInv    .            (no boots)
Will    .....        (no amulet)
Stlth   +            (no ring)
HPRegen 0.24/turn    (no ring)
MPRegen 0.08/turn

%: no passive effects
@: no status effects
A: horns 2, retaliatory headbutt
a: no special abilities


You were on level 2 of the Dungeon.
You visited 1 branch of the dungeon, and saw 2 of its levels.

You collected 30 gold pieces.


Innate Abilities, Weirdness & Mutations

You have a pair of horns on your head.
You reflexively headbutt those who attack you in melee.


   Skills:
 - Level 2.0 Fighting
 + Level 3.4 Ranged Weapons
 - Level 2.1 Dodging
 - Level 1.0 Spellcasting
 - Level 2.0 Hexes


You had 2 spell levels left.
You knew the following spells:

 Your Spells              Type           Power      Damage    Failure   Level
a - Slow                  Hex            16%        N/A       19%         1

Your spell library contained the following spells:

 Spells                   Type           Power      Damage    Failure   Level
 Inner Flame              Hex/Fire       2%         N/A       65%         3
 Portal Projectile        Hex/Tloc       4%         N/A       65%         3
 Cause Fear               Hex            2%         N/A       88%         4

Inventory:

Hand Weapons
 Y - a +1 sling (weapon)
Armour
 e - a +0 leather armour (worn)
Potions
 d - a potion of heal wounds {unknown}
 i - a potion of curing {unknown}
 j - a potion of cancellation {unknown}
 l - a potion of might {unknown}

Dungeon Overview and Level Annotations

Branches:
Dungeon (2/15)

Altars:

Shops:
D:1 [*

Annotations:
D:2 Natasha


Message History

You kill the kobold!
You start resting.
HP restored.
Things that are here:
a +2 short sword of electrocution; 4 stones; a kobold corpse Natasha, Servant of Life and Death comes into view.
Found a scroll labelled OGINAR UR MYGOTAM.
Natasha hisses angrily.
You hear an angry hiss.
Natasha casts a spell at you. The magic dart hits you!
811 ||| FLEEEEING.
You shoot a sling bullet.
The sling bullet closely misses Natasha.
A ball python comes into view.
You shoot a sling bullet. The sling bullet barely misses Natasha.
Natasha casts a spell at you. The magic dart hits you.
You shoot a sling bullet.
The sling bullet hits Natasha but does no damage.
You shoot a sling bullet. The sling bullet barely misses Natasha.
Natasha wildly gestures.
Natasha's front paws start to glow.
Natasha mumbles some strange words.
You shoot a sling bullet.
The sling bullet closely misses Natasha.
Natasha claws you. The cerulean imp misses you.
Natasha claws you but does no damage.
You shoot a sling bullet. The sling bullet barely misses Natasha.
The cerulean imp hits you with a +2 spear.
Natasha barely misses you.
You shoot a sling bullet.
The sling bullet hits Natasha but does no damage.
The cerulean imp closely misses you. Natasha claws you but does no damage.
You shoot a sling bullet. The sling bullet hits Natasha.
Natasha is lightly wounded.
The cerulean imp hits you with a +2 spear.
Natasha claws you.
The cerulean imp hits you with a +2 spear.
Natasha claws you!
You die...

#...# #..# #...#
#..# ....?...#
###%.##...#
.......#.##.
#.........
#<####.#######
#......hS....#
######...#.@#####.#
...........5#
######...#..#
............#
#######..#.##
#).#.# #..#.#
#..#.# #.....


You could see Natasha, a cerulean imp (summoned) and a ball python.

Vanquished Creatures
  A dart slug (D:1)
  2 bats (D:1)
  3 endoplasms (D:1)
  3 goblins (D:1)
  2 hobgoblins (D:1)
  2 kobolds
  2 quokkas (D:1)
  3 frilled lizards
  A rat (D:2)
19 creatures vanquished.

Notes
Turn   | Place    | Note
-------+----------+-------------------------------------------
     0 | D:1      | qw the Minotaur Hexslinger began the quest for the Orb.
     0 | D:1      | Reached XP level 1. HP: 16/16 MP: 1/1
     0 | D:1      | 0 ||| qw: Version: 0.3-a-46-gb1f654a
     0 | D:1      | 0 ||| qw: Game counter: 2975
     0 | D:1      | 0 ||| qw: Melee chars always use a shield: true
     0 | D:1      | 0 ||| qw: God list: Okawaru
     0 | D:1      | 0 ||| qw: Allow faded altars: false
     0 | D:1      | 0 ||| qw: Do Orc after clearing Dungeon:15 true
     0 | D:1      | 0 ||| qw: Do second Lair branch before Depths: true
     0 | D:1      | 0 ||| qw: Lair rune preference: random
     0 | D:1      | 0 ||| qw: Goals: Normal
     0 | D:1      | 0 ||| PLANNING D:1-11
    29 | D:1      | Found Issaczop's Antique Armour Shop.
    51 | D:1      | 51 ||| SHOPLISTING cloak (108 gold, have 0).
    51 | D:1      | 51 ||| SHOPLISTING dyed leather armour (120 gold, have 0).
    51 | D:1      | 51 ||| SHOPLISTING glowing robe (88 gold, have 0).
   146 | D:1      | Reached skill level 3 in Ranged Weapons
   162 | D:1      | Reached XP level 2. HP: 17/23 MP: 2/2
   521 | D:1      | Found Zacuivuh's Assorted Antiques.
   524 | D:1      | 524 ||| SHOPLISTING glowing copper wand (112 gold, have
                  | 18).
   524 | D:1      | 524 ||| SHOPLISTING ivory wand (112 gold, have 18).
   524 | D:1      | 524 ||| SHOPLISTING ring mail (112 gold, have 18).
   524 | D:1      | 524 ||| SHOPLISTING smoky coppery potion (25 gold, have
                  | 18).
   709 | D:1      | 709 ||| UPGRADING to +0 leather armour.
   719 | D:1      | 719 ||| DROPPING +0 robe.
   720 | D:1      | 720 ||| READING scroll labelled NER WYINYGIARCH.
   721 | D:1      | 721 ||| READING scroll labelled TELUDW JEETIWK.
   726 | D:1      | 726 ||| READING scroll labelled VAINLUYPIPP.
   771 | D:1      | 771 ||| READING scroll labelled DICEUB ZAHISE.
   772 | D:1      | 772 ||| READING scroll labelled BOUPSITW ZIVVIOH.
   773 | D:1      | 773 ||| READING scroll labelled DIPLASCHAATT.
   774 | D:1      | 774 ||| DROPPING scroll of poison.
   810 | D:2      | Noticed Natasha
   811 | D:2      | 811 ||| FLEEEEING.
   819 | D:2      | HP: 4/24 [cerulean imp/+2 spear[Natasha] (4)]
   819 | D:2      | Slain by Natasha

Levels and vault maps discovered:
D:1:      saegor_arrival_fortress, layout_basic, serial_shops,
          nicolae_shop_tiny_real_fake_doors, nicolae_shop_tiny_statue_garden,
          minmay_misc_feat_alley, minmay_misc_feat_plants
D:2:      layout_loops_ring, uniq_natasha

Skill      XL: |  1  2 |
---------------+-------+-----
Ranged Weapons | 3 |  3.4
Fighting       | 2 |  2.0
Dodging        | |  2.1
Spellcasting   | |  1.0
Hexes          | |  2.0

Action                     || total
---------------------------++-------
   Fire: Sling             ||    59
    Use: Scroll            ||     6
 Armour: Robe              ||     2
         Leather armour    ||     2
  Dodge: Dodged            ||    20

Table legend:
 A = Non-vault XP
 B = Vault XP
 C = Vault XP percentage of total XP
 D = Non-vault monster count
 E = Vault monster count
 F = Vault count percentage of total count
                 A         B        C        D         E       F
            +---------+---------+-------+---------+---------+-------
      Total |      34 |       0 |   0.0 |      19 |       0 |   0.0
            +---------+---------+-------+---------+---------+-------
        D:1 |      31 |       0 |   0.0 |      16 |       0 |   0.0
        D:2 |       3 |       0 |   0.0 |       3 |       0 |   0.0
            +---------+---------+-------+---------+---------+-------
